 Dungeon Crawl Stone Soup version 0.19-a0-1821-g42c593c (webtiles) character file.

146 KarmaPolice the Slasher (level 5, -6/36 HPs)
             Began as a High Elf Skald on Oct 6, 2016.
             Was an Initiate of Okawaru.
             Mangled by a hornet zombie (12 damage)
             ... on level 4 of the Dungeon.
             The game lasted 00:06:15 (3894 turns).

KarmaPolice the Slasher (High Elf Skald)            Turns: 3894, Time: 00:06:16

Health: -6/36      AC:  4    Str: 12    XL:     5   Next: 7%
Magic:  1/9        EV: 12    Int: 15    God:    Okawaru [......]
Gold:   195        SH:  0    Dex: 15    Spells: 2 memorised, 5 levels left

rFire  . . .     SeeInvis .     a - +0 falchion
rCold  . . .     Gourm    +     b - +0 leather armour
rNeg   . . .     Faith    .     (no shield)
rPois  .         Spirit   .     s - +0 helmet
rElec  .         Dismiss  .     (no cloak)
rCorr  .         Reflect  .     (no gloves)
MR     .....     Harm     .     (no boots)
Stlth  ++........               k - amulet of the gourmand
                                f - ring of stealth
                                w - ring of flight

@: no status effects
A: no striking features
a: Renounce Religion, Evoke Flight


You were on level 4 of the Dungeon.
You worshipped Okawaru.
Okawaru was noncommittal.
You were near starving.

You visited 1 branch of the dungeon, and saw 5 of its levels.

You collected 195 gold pieces.

Inventory:

Hand Weapons
 a - a +0 falchion (weapon)
 l - a cursed -1 spear
Missiles
 g - 18 arrows
 u - a throwing net (quivered)
Armour
 b - a +0 leather armour (worn)
 s - a +0 helmet (worn)
Jewellery
 e - a +6 ring of intelligence
 f - a ring of stealth (right hand)
 k - an amulet of the gourmand (around neck)
 w - a ring of flight (left hand)
Wands
 x - a wand of slowing (17/48)
Scrolls
 i - 3 scrolls of identify {unknown}
 n - 2 scrolls of amnesia {unknown}
 o - a scroll of noise {unknown}
 r - 2 scrolls of teleportation {unknown}
 t - a scroll of fog {unknown}
Potions
 j - a potion of brilliance {unknown}
 m - a potion of heal wounds {unknown}
 q - 3 potions of curing
 v - a potion of degeneration {unknown}
 z - 2 potions of might {unknown}
Books
 c - a book of Battle

   Spells                             Type                      Level
   a - Infusion                       Charms                       1
   b - Shroud of Golubria             Charms/Translocation         2
   c - Song of Slaying                Charms                       2
   d - Spectral Weapon                Hexes/Charms                 3
   e - Regeneration                   Charms/Necromancy            3
Comestibles
 d - 6 bread rations
 h - 4 fruits
 p - a beef jerky
 A - a meat ration


   Skills:
 + Level 3.0 Fighting
 + Level 3.9 Long Blades
 + Level 2.5 Armour
 - Level 2.3 Dodging
 - Level 2.4 Spellcasting
 - Level 3.6 Charms


You had 5 spell levels left.
You knew the following spells:

 Your Spells              Type           Power        Failure   Level  Hunger
a - Infusion              Chrm           ##..         8%          1    #......
b - Shroud of Golubria    Chrm/Tloc      #.........   24%         2    ###....


Dungeon Overview and Level Annotations

Branches:
Dungeon (5/15)
 Temple: D:4-7

Altars:
Makhleb
Nemelex Xobeh
Okawaru
Ru


Message History

Your shroud bends the hornet zombie's attack away.
You barely miss the hornet zombie.
The hornet zombie is severely damaged.
Your shroud unravels.
You are no longer magically infusing your attacks.
The hornet zombie hits you!
You hit the hornet zombie.
The hornet zombie is severely damaged.
The hornet zombie hits you!
* * * LOW HITPOINT WARNING * * *
The hornet zombie hits you but does no damage.
You are too injured to fight recklessly!
You are too injured to fight recklessly!
You barely miss the hornet zombie.
The hornet zombie is severely damaged.
The hornet zombie hits you but does no damage.
You closely miss the hornet zombie.
The hornet zombie is severely damaged.
The hornet zombie hits you!
You die...

#..
....
###
###.#
#.#
##..
#...
#.#.
#.##
#####.#
#.##
#.@Z..#
#.#.
#.#####
#.#. .
#.#
#.#. .#
#.#
#.#. .#
#.#
#... .#
#.#
####.
.# #.#
#....
.# #.#
#.##.
.######
#.#
#.##.


You could see a hornet zombie.

Vanquished Creatures
  A hound (D:4)
  A howler monkey skeleton (D:4)
  3 adders (D:2)
  An ooze (D:3)
  A worm (D:3)
  3 dart slugs
  2 leopard geckos
  2 orcs
  4 giant cockroaches
  8 goblins
  3 hobgoblins
  4 jackals (D:2)
  11 kobolds
  4 ball pythons
  6 bats
  3 frilled lizards
  7 rats
64 creatures vanquished.

Vanquished Creatures (others)
  4 toadstools (D:1)
4 creatures vanquished.

Grand Total: 68 creatures vanquished

Notes
Turn   | Place    | Note
-------+----------+-------------------------------------------
     0 | D:1      | KarmaPolice the High Elf Skald began the quest for the Orb.
     0 | D:1      | Reached XP level 1. HP: 14/14 MP: 4/4
   161 | D:1      | Reached skill level 1 in Armour
   425 | D:1      | Reached XP level 2. HP: 17/19 MP: 6/6
  1072 | D:2      | Reached XP level 3. HP: 16/25 MP: 3/7
  1542 | D:2      | Learned a level 2 spell: Shroud of Golubria
  1737 | D:2      | Found a sacrificial altar of Ru.
  1993 | D:2      | Found a burning altar of Makhleb.
  1993 | D:2      | Noticed a cacodemon
  2309 | D:2      | Found an iron altar of Okawaru.
  2312 | D:2      | Reached XP level 4. HP: 30/30 MP: 1/8
  2323 | D:2      | Became a worshipper of Warmaster Okawaru
  2699 | D:3      | Found a sparkling altar of Nemelex Xobeh.
  3653 | D:5      | Entered Level 5 of the Dungeon
  3881 | D:4      | Reached XP level 5. HP: 36/36 MP: 2/9
  3894 | D:4      | Mangled by a hornet zombie

Vault maps used:
D:1:      ldierk_walled_garden_2, minmay_misc_feat_square
D:2:      makhleb_altar_promises_db, nicolae_ru_awakened_eye,
          okawaru_metal_pillars_1_2
D:3:      grunt_decor_resistance, nemelex_lonely_heart_becter
D:4:      serial_shops, shop
D:5:      nicolae_overflow_crystal_walls, first_bread, portal_sewer_entry_d,
          sword_in_stone

Skill      XL: |  1  2  3  4 |
---------------+-------------+-----
Armour         | 1 2 |  2.5
Long Blades    | 3 |  3.9
Dodging        | 2 |  2.3
Fighting       | 3 |  3.0
Spellcasting   | |  2.4
Charms         | |  3.6

Action                   |  1- 3 |  4- 6 || total
-------------------------+-------+-------++-------
Melee: Falchion          |   110 |    81 ||   191
 Cast: Infusion          |     7 |     5 ||    12
       Shroud of Golubri |       |     4 ||     4
  Use: Potion            |     1 |       ||     1
 Stab: Sleeping          |     3 |     5 ||     8
  Eat: Chunk             |     4 |     4 ||     8
Armor: Leather armour    |    31 |    24 ||    55
Dodge: Dodged            |    75 |    58 ||   133
       Rpst.: Falchion   |    23 |    19 ||    42
